 Dungeon Crawl Stone Soup version 0.19-a0-1792-g28b16ba (webtiles) character file.

392 Ericaplier the Chopper (level 6, -3/56 HPs)
             Began as a Minotaur Berserker on Oct 4, 2016.
             Was a Priest of Trog.
             Slain by an iron imp (7 damage)
             ... summoned by Natasha
             ... on level 3 of the Dungeon.
             The game lasted 00:10:58 (2031 turns).

Ericaplier the Chopper (Minotaur Berserker)         Turns: 2031, Time: 00:10:58

Health: -3/56      AC:  8    Str: 24    XL:     6   Next: 50%
Magic:  5/5        EV: 11    Int:  4    God:    Trog [***...]
Gold:   62         SH:  0    Dex:  9    Spells: 0 memorised, 5 levels left

rFire  + . .     SeeInvis .     a - +1 flail
rCold  . . .     Gourm    .     b - +0 scale mail
rNeg   . . .     Faith    .     (no shield)
rPois  .         Spirit   .     (helmet restricted)
rElec  .         Dismiss  .     (no cloak)
rCorr  .         Reflect  .     (no gloves)
MR     .....     Harm     .     c - +0 pair of boots
Stlth  ..........               (no amulet)
                                (no ring)
                                f - ring of protection from fire

@: lethally poisoned (-3 -> -4), exhausted, slowed, very slow
A: retaliatory headbutt, horns 2
a: Berserk, Trog's Hand, Burn Spellbooks, Renounce Religion


You were on level 3 of the Dungeon.
You worshipped Trog.
Trog was most pleased with you.
You were not hungry.

You visited 1 branch of the dungeon, and saw 3 of its levels.

You collected 62 gold pieces.

Inventory:

Hand Weapons
 a - a +1 flail (weapon)
Missiles
 l - 6 tomahawks of returning (quivered)
Armour
 b - a +0 scale mail (worn)
 c - a +0 pair of boots (worn)
Jewellery
 f - a ring of protection from fire (left hand)
Scrolls
 e - a scroll of remove curse
 k - a scroll of identify
Comestibles
 d - 4 bread rations
 g - a meat ration
 i - a beef jerky
 j - a royal jelly


   Skills:
 + Level 5.3 Fighting
   Level 6.1 Axes
 + Level 3.2 Armour
 + Level 4.3 Dodging
 + Level 1.0 Stealth


You had 5 spell levels left.
You didn't know any spells.

Dungeon Overview and Level Annotations

Branches:
Dungeon (3/15)

Altars:
Xom

Annotations:
D:3 Natasha


Innate Abilities, Weirdness & Mutations

You reflexively headbutt those who attack you in melee.
You have a pair of horns on your head.


Message History

Trog accepts your kill.
Your Stealth skill increases to level 1!
You hear some strange, mumbled words.
Something tries to affect you, but you resist.
The iron imp hits you. The goblin closely misses you. Something claws you.
You barely miss the goblin.
You feel sick. The iron imp hits you!
* * * LOW HITPOINT WARNING * * *
The goblin hits you but does no damage. Something claws you but does no damage.
The iron imp misses you. You furiously retaliate!
You headbutt the iron imp.
Unknown command.
The goblin hits you but does no damage. Something claws you but does no damage.
The goblin barely misses you. Something claws you.
* * * LOW HITPOINT WARNING * * *
Unknown command.
You closely miss something. Your headbutt misses something.
You feel sick. The goblin hits you but does no damage.
The iron imp shouts, "Bolt, thou unhinged spleeny flirt-gill!"
The iron imp hits you!
You die...

###.#.##.# #.#....<..
.........# #.#.......
####...### #.#.......
#...# #........# #...#
##.......#
#...########!.....#.#
####............†)...#
.).[)........#.5.g.#.#..
.)..............@.......
...........[.##.#..#..#.
####.........##.#..#..#
#..^#####..........#
#...# ####.##.##.#
....... #..... #
#.#..(#.# ## #.##
#.##.#..# .# . ...# #


You could see an iron imp and a goblin.

Vanquished Creatures
  Sigmund (D:3)
  An orc wizard (D:3)
  Ijyb (D:2)
  Natasha (D:3)
  7 adders
  2 oozes (D:1)
  4 dart slugs
  4 leopard geckos
  3 orcs (D:3)
  A ball python (D:1)
  10 bats
  2 giant cockroaches
  13 goblins
  6 hobgoblins
  6 jackals
  7 kobolds
  3 frilled lizards
  6 rats
78 creatures vanquished.

Vanquished Creatures (others)
  4 toadstools (D:1)
4 creatures vanquished.

Grand Total: 82 creatures vanquished

Notes
Turn   | Place    | Note
-------+----------+-------------------------------------------
     0 | D:1      | Ericaplier the Minotaur Berserker began the quest for the Orb.
     0 | D:1      | Reached XP level 1. HP: 19/19 MP: 0/0
   132 | D:1      | Reached XP level 2. HP: 21/27 MP: 1/1
   136 | D:1      | Reached skill level 4 in Axes
   482 | D:1      | Reached XP level 3. HP: 26/34 MP: 2/2
   523 | D:1      | Reached ** piety under Trog
   862 | D:2      | Reached XP level 4. HP: 35/41 MP: 3/3
   864 | D:2      | Reached skill level 5 in Axes
  1027 | D:2      | Noticed Ijyb
  1035 | D:2      | Killed Ijyb
  1446 | D:2      | Reached XP level 5. HP: 47/47 MP: 4/4
  1525 | D:2      | Found a shimmering altar of Xom.
  1822 | D:3      | Noticed Natasha
  1829 | D:3      | Killed Natasha
  1892 | D:3      | Reached *** piety under Trog
  1960 | D:3      | Received a gift from Trog
  1960 | D:3      | Reached skill level 6 in Axes
  2004 | D:3      | Noticed Sigmund
  2011 | D:3      | Noticed Natasha
  2014 | D:3      | Killed Sigmund
  2014 | D:3      | Reached skill level 5 in Fighting
  2014 | D:3      | Reached XP level 6. HP: 56/56 MP: 5/5
  2027 | D:3      | Reached skill level 1 in Stealth
  2031 | D:3      | Slain by an iron imp

Vault maps used:
D:1:      ldierk_walled_garden_2
D:2:      kennysheep_goblin_castle, xom_teletrap_fun
D:3:      first_bread, uniq_sigmund, uniq_robin, uniq_natasha

Skill      XL: |  1  2  3  4  5  6 |
---------------+-------------------+-----
Fighting       | 4 5 |  5.3
Axes           | 4 5 6 |  6.1
Dodging        | 3 4 |  4.3
Armour         | 3 |  3.2
Stealth        | 1 |  1.0

Action                   |  1- 3 |  4- 6 || total
-------------------------+-------+-------++-------
Melee: Hand axe          |    58 |    93 ||   151
       Headbutt          |     6 |    19 ||    25
       Flail             |       |    14 ||    14
Invok: Berserk           |       |     1 ||     1
  Use: Scroll            |     2 |     7 ||     9
       Potion            |       |     2 ||     2
  Eat: Fruit             |     5 |       ||     5
       Pizza             |       |     1 ||     1
Armor: Animal skin       |    22 |    26 ||    48
       Ring mail         |       |     9 ||     9
       Scale mail        |       |    17 ||    17
Dodge: Dodged            |    50 |    94 ||   144
